 Dungeon Crawl Stone Soup version 0.26.0-41-g79a4fc7684 (webtiles) character file.

Game seed: 10761324455950452884

186 thiole the Sneak (level 5, -5/31 HPs)
             Began as an Octopode Hedge Wizard on Jan 26, 2021.
             Was an Initiate of Gozag.
             Killed from afar by an orc wizard (9 damage)
             ... with a magic dart
             ... on level 4 of the Dungeon.
             The game lasted 00:06:11 (4620 turns).

thiole the Sneak (Octopode Hedge Wizard)            Turns: 4620, Time: 00:06:11

Health: -5/31      AC:  1    Str: 10    XL:     5   Next: 65%
Magic:  1/10       EV: 13    Int: 17    God:    Gozag
Gold:   63         SH:  0    Dex: 11    Spells: 3/11 levels left

rFire    . . .     SeeInvis .   a - +0 dagger
rCold    . . .     Faith    .   (no shield)
rNeg     . . .     Spirit   .   b - +0 hat
rPois    .         Reflect  .   (no amulet)
rElec    .         Harm     .   k - ring of wizardry
rCorr    .         Rampage  .   (no ring)
Will     .....                  (no ring)
Stlth    ++++......             (no ring)
HPRegen  0.10/turn              (no ring)
MPRegen  0.12/turn              (no ring)
                                (no ring)
                                (no ring)

@: no status effects
A: almost no armour, stealthy swim, amphibious, 8 rings, constrict 8, camouflage
1, gelatinous body 1
a: Renounce Religion, Potion Petition, Call Merchant, Bribe Branch


You were on level 4 of the Dungeon.
You worshipped Gozag.
Gozag was noncommittal.
You visited 1 branch of the dungeon, and saw 5 of its levels.

You collected 141 gold pieces.
You paid 78 gold pieces to Gozag.

Inventory:

Hand Weapons
 a - a +0 dagger (weapon)
Missiles
 h - 107 stones
Armour
 b - a +0 hat (worn)
Jewellery
 k - a ring of wizardry (left tentacle)
Wands
 j - a wand of digging (6)
Scrolls
 c - 2 scrolls of fog
 d - a scroll of teleportation
 e - 2 scrolls of blinking
 n - a scroll of magic mapping
 q - 2 scrolls of enchant armour {unknown}
 r - a scroll of remove curse {unknown}
Potions
 g - a potion of degeneration {unknown}
 i - 2 potions of curing {unknown}
 l - a potion of might {unknown}
 m - a potion of berserk rage {unknown}
 p - 2 potions of flight {unknown}


   Skills:
 - Level 2.0 Dodging
 + Level 4.7 Stealth
 + Level 3.7 Spellcasting
 - Level 2.0 Conjurations
 - Level 2.0 Summonings
 - Level 1.0 Translocations
 + Level 1.6 Air Magic
 - Level 2.0 Poison Magic


You had 3 spell levels left.
You knew the following spells:

 Your Spells              Type           Power        Failure   Level
a - Magic Dart            Conj           36%          2%          1
b - Call Imp              Summ           9%           4%          2
c - Blink                 Tloc           N/A          6%          2
d - Mephitic Cloud        Conj/Pois/Air  9%           9%          3

Your spell library contained the following spells:

 Spells                   Type           Power        Failure   Level
 Slow                     Hex            3%           10%         2
 Conjure Flame            Conj/Fire      6%           13%         3


Dungeon Overview and Level Annotations

Branches:
Dungeon (5/15)
 Temple: D:4-7

Altars:
Dithmenos
Elyvilon
Gozag
Xom
Zin

Shops:
D:5 *


Innate Abilities, Weirdness & Mutations

You cannot wear most types of armour.
You are very stealthy in the water. (Stealth+)
You are amphibious.
You can wear up to eight rings at the same time.
You can use your tentacles to constrict eight enemies at once.
Your skin changes colour to match your surroundings (Stealth+).
Your rubbery body absorbs attacks. (AC +1, EV +1)


Message History

Unknown command.
As you read the scroll of fear, it crumbles to dust.
You assume a fearsome visage.
Your crimson imp is unaffected.
Your crimson imp is unaffected.
The orc wizard looks frightened!
The orc wizard mumbles some strange words.
The orc wizard blinks!
Casting: Call Imp (safe; 4% risk of failure)
Confirm with . or Enter, or press ? or * to list all spells.
Aiming: Magic Dart (safe; 2% risk of failure)
Press: ? - help, Shift-Dir - straight line, f - orc wizard
Aim: an orc wizard, wielding a +0 short sword and wearing a +0 robe (heavily wounded, fast, fleeing, 0% to evade)
The magic dart hits the orc wizard but does no damage.
The orc wizard is heavily wounded.
Your attack snaps the orc wizard out of its fear.
The orc wizard gestures at you while chanting.
The magic dart hits you!
You die...
Your body crumbles into a pile of gold.

,....,♣P.≈♣ ##..†..###.#
**#...♣♣.♣♣ ##.....##.#
*#...#5## #.#...##.# #.#.#..##
*##.#..)#*.# #......$#
##...#####*.# * ###....>###..###
*.# *****##........#### *#.#
,,............o...## *..#
,,.....#..#.###.@.[####.#*
**####<........#.#......##
**#.........#...55....#**
***...........########...§#*****
*,..#.........# *#......,,*
*,########.>..# *#####.,,* **,*
***###..** ***** ,,,*
***_****,,,**** ,***
*,,,,,***,,,,,*


You could see an orc wizard (fast) and 2 friendly crimson imps.

Vanquished Creatures
  An orc priest (D:4)
  A worker ant (D:4)
  2 adders
  An ooze (D:3)
  4 dart slugs
  A worm (D:2)
  2 leopard geckos
  An orc (D:4)
  4 giant cockroaches
  6 goblins
  6 hobgoblins
  3 jackals (D:2)
  3 ball pythons
  8 bats
  2 frilled lizards
  A kobold (D:1)
  5 rats
51 creatures vanquished.

Vanquished Creatures (collateral kills)
  An iguana (D:3)
  A worker ant (D:4)
  3 gnolls (D:5)
  A white imp (D:5)
6 creatures vanquished.

Vanquished Creatures (others)
  5 plants (D:4)
5 creatures vanquished.

Grand Total: 62 creatures vanquished

Notes
Turn   | Place    | Note
-------+----------+-------------------------------------------
     0 | D:1      | thiole the Octopode Hedge Wizard began the quest for the
                  | Orb.
     0 | D:1      | Reached XP level 1. HP: 11/11 MP: 4/4
    84 | D:1      | Reached skill level 3 in Stealth
    84 | D:1      | Reached XP level 2. HP: 5/17 MP: 1/6
  1103 | D:1      | Reached XP level 3. HP: 21/21 MP: 5/7
  1276 | D:2      | Learned a level 2 spell: Call Imp
  1279 | D:2      | Learned a level 2 spell: Blink
  1284 | D:2      | Learned a level 3 spell: Mephitic Cloud
  1784 | D:2      | Found a white marble altar of Elyvilon.
  2555 | D:3      | Found a glowing silver altar of Zin.
  2556 | D:3      | Noticed an angel
  2557 | D:3      | Found a shimmering altar of Xom.
  2593 | D:3      | Reached XP level 4. HP: 27/27 MP: 6/9
  2990 | D:3      | Found a shadowy altar of Dithmenos.
  3015 | D:3      | Reached skill level 1 in Poison Magic
  3410 | D:3      | Reached skill level 4 in Stealth
  3921 | D:4      | Reached skill level 1 in Air Magic
  3921 | D:4      | Reached XP level 5. HP: 17/31 MP: 2/10
  4229 | D:5      | Entered Level 5 of the Dungeon
  4229 | D:5      | Found an opulent altar of Gozag.
  4404 | D:5      | Found Iheosiur's General Store.
  4408 | D:5      | Became a worshipper of Gozag Ym Sagoz the Greedy
  4620 | D:4      | Killed from afar by an orc wizard

Illustrated notes

Levels and vault maps discovered:
D:1:      dpeg_arrival_refuge, layout_basic
D:2:      layout_basic, lemuel_round_altar
D:3:      layout_rooms, grunt_temple_overflow_order_and_chaos_1,
          grunt_dithmenos_smoke_and_mirrors
D:4:      layout_rooms, tso_altar, kennysheep_mini_moat, serial_bayou_crossing,
          uniq_eustachio
D:5:      layout_gridville, dancing_weapons_uskayaw, basic_altar, serial_shops,
          shop

Skill      XL: |  1  2  3  4  5 |
---------------+----------------+-----
Stealth        | 3 4 |  4.7
Summonings     | 2 |  2.0
Conjurations   | 2 |  2.0
Poison Magic   | 1 2 |  2.0
Air Magic      | 1 |  1.6
Dodging        | |  2.0
Spellcasting   | |  3.7
Translocations | |  1.0

Action                   |  1- 3 |  4- 6 || total
-------------------------+-------+-------++-------
Melee: Dagger            |    27 |    27 ||    54
       Constrict         |     9 |     8 ||    17
       Tentacles         |     5 |     5 ||    10
 Cast: Magic Dart        |    82 |    59 ||   141
       Call Imp          |       |    22 ||    22
  Use: Scroll            |     2 |     8 ||    10
Armor: Skin              |    10 |     2 ||    12
Dodge: Dodged            |    34 |    15 ||    49
